 Dungeon Crawl Stone Soup version 0.27-a0-79-gcaaa221d37 (webtiles) character file.

Game seed: 6075001899577838882

329 kae the Insei (level 6, 0/38 HPs)
             Began as an Octopode Transmuter on Jan 14, 2021.
             Was a Follower of Wu Jian.
             Slain by a centaur skeleton (7 damage)
             ... on level 4 of the Dungeon.
             The game lasted 00:02:38 (3967 turns).

kae the Insei (Octopode Transmuter)                 Turns: 3967, Time: 00:02:39

Health: 0/38       AC:  1    Str: 10 (12) XL:     6   Next: 50%
Magic:  10/10      EV: 13    Int: 13 (15) God:    Wu Jian [*.....]
Gold:   232        SH:  0    Dex: 11 (12) Spells: 7/11 levels left

rFire    . . .     SeeInvis .     - Unarmed
rCold    . . .     Faith    .   (no shield)
rNeg     . . .     Spirit   .   (helmet currently unavailable)
rPois    .         Reflect  .   (no amulet)
rElec    .         Harm     .   h - ring of teleportation
rCorr    .         Rampage  .   (no ring)
Will     .....     Rnd*Tele +   (no ring)
Stlth    ++........             (no ring)
HPRegen  0.12/turn              (no ring)
MPRegen  0.12/turn              (no ring)
                                (no ring)
                                (no ring)

@: appendages (expiring)
A: almost no armour, stealthy swim, amphibious, 8 rings, constrict 8, tentacle
spike 3, camouflage 1, gelatinous body 1
a: End Transformation, Renounce Religion


You were on level 4 of the Dungeon.
You worshipped Wu Jian.
Wu Jian was aware of your devotion.
One of your tentacles had a temporary spike.
You visited 1 branch of the dungeon, and saw 4 of its levels.

You collected 232 gold pieces.

Inventory:

Jewellery
 h - a ring of teleportation (left tentacle)
Wands
 a - a wand of digging (7)
Scrolls
 d - a scroll of fear
 e - a scroll of teleportation
 j - 2 scrolls of remove curse
 k - a scroll of enchant weapon
 m - a scroll of amnesia {unknown}
Potions
 b - 2 potions of brilliance
 c - a potion of heal wounds
 f - a potion of flight {unknown}
 g - a potion of magic {unknown}
 i - a potion of curing {unknown}
 l - a potion of haste {unknown}


   Skills:
 - Level 1.3 Fighting
 - Level 2.2 Dodging
 * Level 4.9 Unarmed Combat
 + Level 3.2 Spellcasting
 + Level 3.2 Transmutations
 - Level 3.0 Poison Magic


You had 7 spell levels left.
You knew the following spells:

 Your Spells              Type           Power        Failure   Level
a - Beastly Appendage     Tmut           20%          6%          1
b - Spider Form           Tmut/Pois      5%           19%         3

Your spell library contained the following spells:

 Spells                   Type           Power        Failure   Level
 Wereblood                Tmut           10%          9%          2
 Animate Skeleton         Necr           4%           22%         1
 Apportation              Tloc           4%           22%         1
 Corona                   Hex            2%           22%         1
 Summon Small Mammal      Summ           8%           22%         1
 Ice Form                 Ice/Tmut       6%           75%         4
 Blade Hands              Tmut           5%           86%         5


Dungeon Overview and Level Annotations

Branches:
Dungeon (4/15)
 Temple: D:4-7

Altars:
Cheibriados
Elyvilon
Fedhas
Hepliaklqana
Kikubaaqudgha
Makhleb
Trog
Uskayaw
Wu Jian
Yredelemnul

Annotations:
D:3 exclusion: upstairs
D:4 1 runed translucent door, Crazy Yiuf, Sigmund


Innate Abilities, Weirdness & Mutations

You cannot wear most types of armour.
You are very stealthy in the water. (Stealth+)
You are amphibious.
You can wear up to eight rings at the same time.
You can use your tentacles to constrict eight enemies at once.
Your skin changes colour to match your surroundings (Stealth+).
Your rubbery body absorbs attacks. (AC +1, EV +1)
One of your tentacles bears a large vicious spike.


Message History

You spin and attack the centaur skeleton.
You tentacle-slap the centaur skeleton.
The centaur skeleton is almost destroyed.
You spin and attack the hound.
You barely miss the hound. Your squeeze misses the hound.
The hound is moderately wounded.
The hound bites you. The centaur skeleton hits you.
You tentacle-slap the centaur skeleton.
The centaur skeleton is almost destroyed.
The hound bites you.
* * * LOW HITPOINT WARNING * * *
The centaur skeleton hits you but does no damage.
The hound bites you.
* * * LOW HITPOINT WARNING * * *
You barely miss the hound. You grab the hound.
You pierce the hound, but do no damage.
You tentacle-slap the hound, but do no damage.
The hound is moderately wounded.
You constrict the hound. The centaur skeleton hits you!
You die...

########## #..........#
#..........#
#..........#
#..........#
####..........#
..............#########
......................##
......Z@......##...##...
......h.$.....####....#
....###########.....#...
... #. #.....# ## .
#.##.....# #..#..>..#
#........# ##.#......#
#.....#.#.# #


You could see a hound and a centaur skeleton.

Vanquished Creatures
  A water moccasin (D:4)
  A scorpion (D:4)
  Natasha (D:3)
  6 adders
  An ooze (D:1)
  A worm (D:3)
  2 dart slugs
  5 leopard geckos
  7 orcs
  7 giant cockroaches
  3 goblins
  4 hobgoblins (D:2)
  A quokka (D:2)
  3 ball pythons
  9 bats
  8 frilled lizards
  8 kobolds
  6 rats
74 creatures vanquished.

Notes
Turn   | Place    | Note
-------+----------+-------------------------------------------
     0 | D:1      | kae the Octopode Transmuter began the quest for the Orb.
     0 | D:1      | Reached XP level 1. HP: 13/13 MP: 3/3
   290 | D:1      | Reached XP level 2. HP: 18/18 MP: 3/5
   591 | D:1      | Reached XP level 3. HP: 12/23 MP: 6/6
   595 | D:1      | Learned a level 3 spell: Spider Form
  1137 | D:2      | Reached skill level 1 in Poison Magic
  1674 | D:2      | Reached XP level 4. HP: 26/28 MP: 5/7
  2364 | D:3      | Noticed Natasha
  2371 | D:3      | Killed Natasha
  2372 | D:3      | Reached skill level 4 in Unarmed Combat
  2392 | D:3      | Reached XP level 5. HP: 21/33 MP: 5/8
  2503 | D:3      | Found a white marble altar of Elyvilon.
  2504 | D:3      | Found a burning altar of Makhleb.
  2504 | D:3      | Found a bloodstained altar of Trog.
  2505 | D:3      | Found an ornate altar of the Wu Jian Council.
  2508 | D:3      | Found an ancient bone altar of Kikubaaqudgha.
  2508 | D:3      | Found a basalt altar of Yredelemnul.
  2509 | D:3      | Found a hazy altar of Hepliaklqana.
  2520 | D:3      | Became a worshipper of the Wu Jian Council
  2964 | D:3      | Found a blossoming altar of Fedhas.
  3080 | D:2      | Found a hide-covered altar of Uskayaw.
  3271 | D:4      | Noticed Sigmund
  3536 | D:4      | Found a snail-covered altar of Cheibriados.
  3581 | D:4      | Found a runed translucent door.
  3582 | D:4      | Noticed Crazy Yiuf
  3635 | D:4      | Noticed a water moccasin
  3649 | D:4      | Killed a water moccasin
  3649 | D:4      | Reached * piety under Wu Jian
  3650 | D:4      | Reached XP level 6. HP: 11/38 MP: 10/10
  3967 | D:4      | Slain by a centaur skeleton

Illustrated notes

Levels and vault maps discovered:
D:1:      elethiomel_arrival_fortress_basement, layout_basic
D:2:      lemuel_upstairs_altar, layout_basic, serial_curves, eino_curves_04,
          eino_curves_04, eino_curves_03
D:3:      layout_loops_ring, fedhas_altar_4, grunt_temple_overflow_open,
          minivault_23, uniq_natasha
D:4:      layout_rooms, kennysheep_little_box, gammafunk_ghost_nasty_kobolds,
          moated_statue, uniq_crazy_yiuf_cottage, uniq_sigmund, uniq_grinder

Skill      XL: |  1  2  3  4  5 |
---------------+----------------+-----
Poison Magic   | 1 2 3 |  3.0
Unarmed Combat | 4 |  4.9
Spellcasting   | 3 |  3.2
Transmutations | 3 |  3.2
Fighting       | |  1.3
Dodging        | |  2.2

Action                   |  1- 3 |  4- 6 || total
-------------------------+-------+-------++-------
Melee: Unarmed           |    76 |    91 ||   167
       Kick              |    20 |    23 ||    43
       Constrict         |    19 |    20 ||    39
       Tentacles         |    11 |    10 ||    21
       Punch             |       |     3 ||     3
 Cast: Beastly Appendage |    23 |    18 ||    41
       Spider Form       |       |     2 ||     2
Invok: Lunge             |       |     4 ||     4
       Whirlwind         |       |     2 ||     2
  Use: Scroll            |       |    12 ||    12
       Potion            |       |     3 ||     3
 Stab: Sleeping          |     3 |     4 ||     7
       Distracted        |       |     1 ||     1
Armor: Skin              |    11 |     8 ||    19
Dodge: Dodged            |    62 |    54 ||   116

Table legend: (Time is in decaauts)
 A = Elapsed time spent in this place.
 B = Non-inter-level travel time spent in this place.
 C = Inter-level travel time spent in this place.
 D = Time resting spent in this place.
 E = Time spent auto-exploring this place.
 F = Levels seen in this place.
 G = Mean time per level.
                   A        B        C        D        E       F      G
               +--------+--------+--------+--------+--------+-----+--------+
         Total |   3964 |   3865 |     99 |    496 |   2844 |   4 |  991.0 |
       Dungeon |   3964 |   3865 |     99 |    496 |   2844 |   4 |  991.0 |
               +--------+--------+--------+--------+--------+-----+--------+

Top non-repeatable levels by time:
     D:2: 1238 daAuts
     D:1: 1125 daAuts
     D:4: 811 daAuts
     D:3: 789 daAuts
